 Dungeon Crawl Stone Soup version 0.19-a0-1875-g4fea3da (webtiles) character file.

3243 Amnesiac the Slicer (level 9, 0/63 HPs)
             Began as a Mummy Monk on Oct 13, 2016.
             Was a High Priest of Dithmenos.
             Incinerated by a mottled dragon (4 damage)
             ... with a sticky flame
             ... on level 8 of the Dungeon.
             The game lasted 00:08:53 (7280 turns).

Amnesiac the Slicer (Mummy Monk)                    Turns: 7280, Time: 00:08:53

Health: 0/63       AC: 10    Str: 16    XL:     9   Next: 67%
Magic:  9/9        EV:  2    Int:  9    God:    Dithmenos [*****.]
Gold:   388        SH: 13    Dex: 16    Spells: 0 memorised, 8 levels left

rFire  x . .     SeeInvis +     u - +7 Screaming Sword
rCold  + + .     Gourm    .     d - +0 chain mail
rNeg   + + +     Faith    .     c - +2 large shield
rPois  ∞         Spirit   .     (no helmet)
rElec  .         Dismiss  .     s - +0 cloak
rCorr  .         Reflect  .     w - +0 pair of gloves
MR     +....     Harm     .     (no boots)
Stlth  +.........               (no amulet)
                                q - ring of see invisible
                                o - ring of protection from cold

@: liquid flames, glowing
A: no food or potions, fire vulnerability, cold resistance 1, negative energy
resistance 3, torment resistance, unbreathing
a: Shadow Step, Shadow Form, Renounce Religion


You were on level 8 of the Dungeon.
You worshipped Dithmenos.
Dithmenos was extremely pleased with you.
You were not hungry.

You visited 2 branches of the dungeon, and saw 9 of its levels.

You collected 388 gold pieces.

Inventory:

Hand Weapons
 i - a +2 short sword of venom
 u - the +7 Screaming Sword (weapon)
   (You found it on level 6 of the Dungeon)
Missiles
 m - 2 throwing nets (quivered)
Armour
 c - a +2 large shield (worn)
 d - a +0 chain mail (worn)
 n - a +1 leather armour of fire resistance
 s - a +0 cloak (worn)
 w - a +0 pair of gloves (worn)
Jewellery
 o - a ring of protection from cold (left hand)
 q - a ring of see invisible (right hand)
Wands
 a - a wand of digging (11/24)
 b - a wand of slowing (24/48)
Scrolls
 e - 14 scrolls of identify {unknown}
 f - a scroll of enchant armour {unknown}
 g - 2 scrolls of fear {unknown}
 h - a scroll of recharging {unknown}
 j - 4 scrolls of noise {unknown}
 k - a scroll of magic mapping {unknown}
 l - 2 scrolls of enchant weapon {unknown}
 p - a scroll of amnesia {unknown}
 r - 2 scrolls of remove curse {unknown}
 t - a scroll of immolation {unknown}
 v - a scroll of teleportation {unknown}


   Skills:
 - Level 3.0 Fighting
 + Level 9.4 Short Blades
 - Level 2.4 Dodging
 - Level 8.0 Stealth


You had 8 spell levels left.
You didn't know any spells.

Dungeon Overview and Level Annotations

Branches:
Dungeon (8/15)             Temple (1/1) D:7
   Lair: D:8-11

Altars:
Cheibriados
Dithmenos
Fedhas
Gozag
Qazlal
Trog
Uskayaw
Vehumet
The Shining One

Shops:
D:6 %

Annotations:
D:4 Natasha
D:8 Erica


Innate Abilities, Weirdness & Mutations

You do not eat or drink.
Your flesh is vulnerable to fire.
You are immune to poison.
Your flesh is cold resistant. (rC+)
You are immune to negative energy. (rN+++)
You are immune to unholy pain and torment.
You can survive without breathing.


Message History

You are covered in liquid flames!
* * * LOW HITPOINT WARNING * * *
You hear an angry hiss.
The bullfrog zombie hits you.
* * * LOW HITPOINT WARNING * * *
The bullfrog zombie hits you but does no damage.
You are too injured to fight recklessly!
Unknown command.
The Screaming Sword shouts, "I CUT THROUGH MAGIC!"
Erica and the bullfrog zombie are hurt by the noise.
You are covered in liquid flames!
* * * LOW HITPOINT WARNING * * *
You hear a shout!
You hear a bark! x2; You hear an angry growl.
You hear a bark!
You can't drink.
Okay, then.
The Screaming Sword chimes harmoniously.
Erica and the bullfrog zombie are hurt by the noise.
You are covered in liquid flames!
You die...

####.# ######..###
#....####..........
#.........####.####
#..######## #.####
#..# #.#... #..# #
#.#.## #..#
.##.##.#.## #..#
#...........
#.@###.........<.##
#...Z@....####.#.#
##.###.#.## #.#.#
#.# .. #.#.# #.# ##
..... ... ..#.# #.#
..##[. #.# .. #.#
#. #.#


You could see Erica and a bullfrog zombie.

Vanquished Creatures
  Pikel (D:7)
  Menkaure (D:7)
  A mottled dragon (D:8)
  2 ice beasts
  3 slaves (D:7)
  A necrophage (D:7)
  A phantom (D:5)
  4 ogres
  A centaur (D:7)
  A big kobold (D:7)
  3 bullfrogs
  A gnoll sergeant (D:7)
  8 scorpions
  A howler monkey (D:6)
  4 wights (D:6)
  2 crimson imps
  A centaur zombie (D:7)
  A jelly (D:7)
  An orc priest (D:5)
  A bullfrog skeleton (D:8)
  4 orc wizards
  Terence (D:2)
  2 iguanas (D:5)
  Natasha (twice) (D:4)
  3 worker ants
  A worker ant zombie (D:7)
  12 adders
  12 gnolls
  A shadow imp (D:5)
  An adder skeleton (D:4)
  6 worms
  4 dart slugs (D:1)
  8 leopard geckos
  20 orcs
  3 ball pythons
  12 bats
  5 giant cockroaches
  6 goblins
  9 hobgoblins
  16 jackals
  8 kobolds
  2 quokkas
  6 rats
  A fungus (D:6)
184 creatures vanquished.

Vanquished Creatures (others)
  A slave (D:7)
  2 fungi (D:6)
3 creatures vanquished.

Grand Total: 187 creatures vanquished

Notes
Turn   | Place    | Note
-------+----------+-------------------------------------------
     0 | D:1      | Amnesiac the Mummy Monk began the quest for the Orb.
     0 | D:1      | Reached XP level 1. HP: 18/18 MP: 1/1
   471 | D:3      | Reached XP level 2. HP: 23/24 MP: 2/2
   854 | D:3      | Reached XP level 3. HP: 18/29 MP: 3/3
  1323 | D:4      | Found a bloodstained altar of Trog.
  1398 | D:4      | Noticed Natasha
  1404 | D:4      | Killed Natasha
  1404 | D:4      | Reached XP level 4. HP: 31/35 MP: 4/4
  1428 | D:4      | Noticed Natasha
  1440 | D:4      | Killed Natasha
  1528 | D:5      | Entered Level 5 of the Dungeon
  1528 | D:5      | Noticed an ice beast
  1553 | D:4      | Killed an ice beast
  1553 | D:4      | Reached skill level 5 in Stealth
  1553 | D:4      | Reached XP level 5. HP: 25/41 MP: 5/5
  1720 | D:5      | You fall through a shaft!
  1743 | D:6      | Reached skill level 3 in Short Blades
  1743 | D:6      | Reached XP level 6. HP: 42/47 MP: 6/6
  1886 | D:6      | Found Xoliuck's Food Boutique.
  1981 | D:4      | Noticed Natasha
  2216 | D:5      | Reached skill level 4 in Short Blades
  2379 | D:5      | Reached XP level 7. HP: 36/52 MP: 7/7
  2425 | D:5      | Reached skill level 5 in Short Blades
  2776 | D:5      | Found a shadowy altar of Dithmenos.
  2776 | D:5      | Found a snail-covered altar of Cheibriados.
  2791 | D:5      | Became a worshipper of Dithmenos the Shadowed
  2791 | D:5      | Reached * piety under Dithmenos
  2791 | D:5      | Reached ** piety under Dithmenos
  3556 | D:2      | Noticed Terence
  3575 | D:2      | Killed Terence
  4106 | D:3      | Reached *** piety under Dithmenos
  4739 | D:5      | Reached skill level 6 in Short Blades
  4747 | D:5      | Reached XP level 8. HP: 58/58 MP: 8/8
  4937 | D:6      | Found a glowing golden altar of the Shining One.
  5290 | D:6      | Reached **** piety under Dithmenos
  5545 | D:6      | Reached skill level 7 in Short Blades
  6289 | D:7      | Found an opulent altar of Gozag.
  6380 | D:7      | Noticed Menkaure
  6386 | D:7      | Killed Menkaure
  6390 | D:7      | Reached XP level 9. HP: 41/63 MP: 9/9
  6617 | D:7      | Found a blossoming altar of Fedhas.
  6724 | D:7      | Found a stormy altar of Qazlal.
  6809 | D:7      | Found a staircase to the Ecumenical Temple.
  6831 | D:7      | Noticed Pikel
  6840 | D:7      | Killed Pikel
  6840 | D:7      | Reached skill level 8 in Short Blades
  6901 | D:7      | Found a hide-covered altar of Uskayaw.
  6965 | D:7      | Reached skill level 9 in Short Blades
  7054 | D:7      | Reached ***** piety under Dithmenos
  7223 | Temple   | Entered the Ecumenical Temple
  7276 | D:8      | Noticed Erica
  7280 | D:8      | Incinerated by a mottled dragon

Vault maps used:
D:1:      lordsloth_arrival_two_stooges, fountainhead
D:2:      uniq_terence
D:4:      first_bread, trog_three_pillars_becter, uniq_natasha
D:5:      gammafunk_temple_overflow_wave, grunt_decor_arrowhead,
          lemuel_old_faithful
D:6:      old_forge, basic_altar, serial_shops, shop
D:7:      kennysheep_mini_moat, kennysheep_mini, basic_altar, fedhas_altar_1,
          uniq_pikel, uniq_menkaure
D:8:      grunt_ogre_cave, uniq_erica, uniq_prince_ribbit1, uniq_joseph
Temple:   nicolae_temple_elliptical

Skill      XL: |  1  2  3  4  5  6  7  8  9 |
---------------+----------------------------+-----
Stealth        | 2 3 4 5 6 7 8 |  8.0
Short Blades   | 3 4 6 7 9 |  9.4
Fighting       | |  3.0
Dodging        | |  2.4

Action                   |  1- 3 |  4- 6 |  7- 9 || total
-------------------------+-------+-------+-------++-------
Melee: Short sword       |    94 |   123 |   390 ||   607
       Double sword      |       |       |   120 ||   120
 Stab: Held in net/web   |       |       |     1 ||     1
Armor: Chain mail        |    28 |    60 |   198 ||   286
       Robe              |     5 |       |       ||     5
Dodge: Dodged            |    14 |     8 |    30 ||    52
Block: Large shield      |    57 |    96 |   285 ||   438
       Rpst.: Double sword |       |       |     6 ||     6
